 Dungeon Crawl Stone Soup version 0.21.1-1-g345015f (webtiles) character file.

4857 KeyboardFingers the Spear-Bearer (level 10, -13/88 HPs)
             Began as a Hill Orc Abyssal Knight on June 10, 2018.
             Was a High Priest of Lugonu.
             Mangled by an ogre
             ... wielding a +0 giant club
              (22 damage)
             ... on level 7 of the Dungeon.
             The game lasted 01:27:06 (5723 turns).

KeyboardFingers the Spear-Bearer (HOAK)             Turns: 5723, Time: 01:27:07

Health: -13/88     AC: 19    Str: 19    XL:     10   Next: 50%
Magic:  12/12      EV: 12    Int: 14    God:    Lugonu [*****.]
Gold:   349        SH:  0    Dex: 10    Spells: 9/9 levels left

rFire    + . .     SeeInvis .   h - +3 spear (venom)
rCold    . . .     Gourm    .   (no shield)
rNeg     . . .     Faith    +   a - +5 ring mail of Reorezyp {rElec rF+ Int+2}
rPois    +         Spirit   .   s - +2 helmet
rElec    +         Reflect  .   k - +2 cloak {rPois}
rCorr    +         Harm     .   (no gloves)
MR       .....                  p - +0 pair of boots
Stlth    +.........             g - amulet of faith
HPRegen  0.24/turn              q - ring of resist corrosion
MPRegen  0.13/turn              x - ring of poison resistance

@: about to teleport
A: no striking features
a: Depart the Abyss, Bend Space, Banish, Corrupt, Enter the Abyss, Renounce
Religion


You were on level 7 of the Dungeon.
You worshipped Lugonu.
Lugonu was extremely pleased with you.
You were hungry.

You visited 1 branch of the dungeon, and saw 8 of its levels.
You visited the Abyss 1 time.

You collected 349 gold pieces.

Inventory:

Hand Weapons
 h - a +3 spear of venom (weapon)
 i - a +0 short sword of speed
Armour
 a - the +5 ring mail of Reorezyp (worn) {rElec rF+ Int+2}
   (You found it on level 5 of the Dungeon)

   It affects your intelligence (+2).
   It protects you from fire.
   It insulates you from electricity.
 k - a +2 cloak of poison resistance (worn)
 p - a +0 pair of boots (worn)
 s - a +2 helmet (worn)
Jewellery
 g - an amulet of faith (around neck)
 q - a ring of resist corrosion (left hand)
 x - a ring of poison resistance (right hand)
 C - an uncursed ring of magical power
Wands
 v - a wand of polymorph (6)
 E - a wand of acid (8)
Scrolls
 b - a scroll of vulnerability {unknown}
 d - 3 scrolls of identify
 e - 5 scrolls of teleportation
 j - 2 scrolls of remove curse
 n - a scroll of amnesia
 u - a scroll of fog
 y - a scroll of acquirement {unknown}
 I - a scroll of random uselessness {unknown}
 L - a scroll of magic mapping {unknown}
Potions
 f - a potion of flight {unknown}
 l - a potion of lignification
 o - a potion of brilliance
 z - a potion of might {unknown}
 A - 2 potions of resistance {unknown}
 B - 2 potions of curing {unknown}
 D - a potion of degeneration {unknown}
 F - 2 potions of invisibility {unknown}
 G - 2 potions of heal wounds {unknown}
 J - a potion of berserk rage {unknown}
Comestibles
 c - 19 rations


   Skills:
 + Level 7.8 Fighting
 * Level 12.7 Polearms
 + Level 6.7 Armour
 + Level 3.5 Dodging
 + Level 0.6 Stealth
 + Level 0.1 Unarmed Combat
 + Level 3.1 Invocations


You had 9 spell levels left.
You didn't know any spells.

Dungeon Overview and Level Annotations

Branches:
Dungeon (8/15)
 Temple: D:4-7         Lair: D:8-11

Altars:
Cheibriados
Fedhas
Makhleb
Nemelex Xobeh
Ru
Trog

Shops:
D:5 !


Message History

The worker ant is severely wounded.
The hound bites you.
* * * LOW HITPOINT WARNING * * *
The worker ant bites you but does no damage.
The ogre hits you with a giant club!
* * * LOW HITPOINT WARNING * * *
You can't go down here!
You kill the worker ant!
Lugonu accepts your kill. The hound bites you but does no damage.
The orc hits you but does no damage. The hound barely misses you.
You climb upwards.
There is a stone staircase leading down here.
You see here a giant club.
As you read the scroll of teleportation, it crumbles to dust.
You feel strangely unstable. The ogre hits you with a giant club!
* * * LOW HITPOINT WARNING * * *
The hound barely misses you. The ogre hits you with a giant club!!
You die...

###### #####..... #.....####
#####(....#### #.............
#.###.........
########.###.........
############..h@................
#.............O.....#####.......
#.#######.########### ##......
#.# #.# ##...#. ##.# #.# ######
...# ##.## ############
...######.#.##### #...........
p....#...###....######.##########
.....#.##.#.#.#.........# #


You could see an ogre and a hound.

Vanquished Creatures
  Pikel (D:7)
  Joseph (D:7)
  The ghost of inc the Shield-Bearer, a novice FoFi of Qazlal (D:4)
  Prince Ribbit (D:7)
  A hippogriff (D:7)
  6 humans (D:6)
  2 ice beasts (D:7)
  3 black bears
  3 phantoms
  A slave (D:7)
  4 ogres
  4 centaurs
  3 bullfrogs
  6 scorpions
  A crimson imp (D:7)
  A quasit (D:7)
  2 orc priests (D:7)
  3 orc wizards
  3 hounds
  A bullfrog skeleton (D:6)
  An iguana (D:5)
  7 worker ants
  Robin (D:2)
  4 gnolls (D:3)
  11 adders
  An ooze (D:7)
  An adder skeleton (D:4)
  3 worms (D:3)
  2 dart slugs
  4 leopard geckos
  20 orcs
  7 giant cockroaches
  14 goblins
  5 hobgoblins
  5 jackals
  9 kobolds
  3 quokkas
  A ball python zombie (D:5)
  7 bats
  4 frilled lizards
  A giant cockroach zombie (D:6)
  2 jackal zombies
  A quokka skeleton (D:5)
  10 rats
172 creatures vanquished.

Vanquished Creatures (others)
  A slave (D:7)
1 creature vanquished.

Grand Total: 173 creatures vanquished

Notes
Turn   | Place    | Note
-------+----------+-------------------------------------------
     0 | Abyss:1  | KeyboardFingers the Hill Orc Abyssal Knight began the quest for the Orb.
     0 | Abyss:1  | Reached XP level 1. HP: 19/19 MP: 2/2
    16 | D:1      | Escaped the Abyss
    54 | D:1      | Reached skill level 1 in Dodging
    86 | D:1      | Reached XP level 2. HP: 23/27 MP: 3/3
   236 | D:1      | Reached ** piety under Lugonu
   492 | D:1      | Reached XP level 3. HP: 33/33 MP: 4/4
   765 | D:2      | Reached skill level 3 in Polearms
  1017 | D:2      | Noticed Robin
  1017 | D:2      | Reached XP level 4. HP: 41/41 MP: 5/5
  1030 | D:2      | Reached *** piety under Lugonu
  1044 | D:2      | Killed Robin
  1340 | D:3      | Reached skill level 5 in Fighting
  1405 | D:3      | Noticed an ogre
  1415 | D:3      | Killed an ogre
  1415 | D:3      | Reached skill level 4 in Polearms
  1415 | D:3      | Reached XP level 5. HP: 48/48 MP: 6/6
  1549 | D:3      | Reached skill level 5 in Polearms
  1555 | D:3      | Reached XP level 6. HP: 49/56 MP: 7/7
  1829 | D:3      | Found a sacrificial altar of Ru.
  1988 | D:4      | Found a blossoming altar of Fedhas.
  2032 | D:4      | Reached skill level 6 in Polearms
  2171 | D:4      | Reached **** piety under Lugonu
  2193 | D:4      | Noticed inc's ghost (novice FoFi)
  2219 | D:4      | Killed inc's ghost
  2219 | D:4      | Reached skill level 7 in Polearms
  2219 | D:4      | Reached XP level 7. HP: 32/62 MP: 8/8
  2521 | D:4      | Reached XP level 8. HP: 63/70 MP: 9/9
  2837 | D:5      | Entered Level 5 of the Dungeon
  2889 | D:5      | Got a twisted ring mail
  2900 | D:5      | Identified the +5 ring mail of Reorezyp {rElec rF+ Int+2} (You found it on level 5 of the Dungeon)
  2985 | D:5      | Reached skill level 8 in Polearms
  3230 | D:5      | Found Xuakhyr's Distillery.
  3333 | D:5      | Found a sparkling altar of Nemelex Xobeh.
  3566 | D:6      | Reached skill level 5 in Armour
  3723 | D:6      | Reached skill level 9 in Polearms
  3919 | D:6      | Reached ***** piety under Lugonu
  3919 | D:6      | Reached skill level 10 in Polearms
  3919 | D:6      | Reached XP level 9. HP: 53/78 MP: 9/11
  4232 | D:7      | Found a burning altar of Makhleb.
  4509 | D:7      | Found a sparkling altar of Nemelex Xobeh.
  4535 | D:7      | Found a snail-covered altar of Cheibriados.
  4593 | D:7      | Noticed Prince Ribbit
  4614 | D:7      | Killed Prince Ribbit
  4614 | D:7      | Reached skill level 11 in Polearms
  4706 | D:7      | Noticed Pikel
  4717 | D:7      | Killed Pikel
  4717 | D:7      | Reached XP level 10. HP: 57/86 MP: 12/12
  4771 | D:7      | Reached skill level 12 in Polearms
  4952 | D:7      | Noticed Joseph
  4980 | D:7      | Killed Joseph
  5690 | D:8      | Found a bloodstained altar of Trog.
  5723 | D:7      | Mangled by an ogre

Skill      XL: |  1  2  3  4  5  6  7  8  9 10 |
---------------+-------------------------------+-----
Dodging        | 1 3 |  3.5
Fighting       | 4 5 6 7 |  7.8
Polearms       | 3 4 5 7 10 11 12 | 12.7
Armour         | 3 4 5 6 |  6.7
Invocations    | 3 |  3.1
Stealth        | |  0.6
Unarmed Combat | |  0.1

Action                   |  1- 3 |  4- 6 |  7- 9 | 10-12 || total
-------------------------+-------+-------+-------+-------++-------
Melee: Spear             |   102 |   177 |   348 |   148 ||   775
       Unarmed           |       |     5 |       |       ||     5
       Punch             |       |       |       |     1 ||     1
Invok: Bend Space        |       |     1 |     1 |       ||     2
Evoke: Wand              |       |     1 |       |       ||     1
  Use: Scroll            |     1 |     4 |     5 |     1 ||    11
       Potion            |     1 |       |       |     1 ||     2
  Eat: Chunk             |       |     4 |     5 |     3 ||    12
       Ration            |       |       |     1 |       ||     1
Armor: Leather armour    |     5 |       |       |       ||     5
       Plate armour      |    37 |    96 |    14 |       ||   147
       Ring mail         |       |       |   122 |    66 ||   188
Dodge: Dodged            |    19 |    32 |    97 |    75 ||   223
